Unix NetHack Version 5.0.0-0 post-release - last build May 10 2026 23:12:36 (d1fa5d53e341ca933230fdaa984d921c805b60aa,branch:main).

Game began 2026-05-13 13:53:52, ended 2026-05-13 14:02:19.

ArrBianca, lawful female dwarven Archeologist

                         -------------
                         |...{......h|
                         |.........@.|
                         |...........|
                         |....<......|
                         -----+---.---

ArrBianca the Field Worker  St:13 Dx:9 Co:14 In:16 Wi:16 Ch:9  Lawful
Dlvl:4  $:30 HP:0(27) Pw:7(7) AC:9  Xp:3 T:1048  Burdened

Latest messages:
 The coyote bites!
 You lash the coyote.
 The coyote bites!
 You kill the coyote!
 The coyote bites!
 You lash the coyote.
 The coyote bites!
 You kill the coyote!
 The shrieker shrieks.
 You stop waiting.
 You miss the shrieker.
 The shrieker shrieks.
 You kill the shrieker!
 Welcome to experience level 3.
 You are in full health.
 You find a hidden door.
 The door opens.
 You have a little trouble lifting k - a carrot (2 in total).
 What do you want to eat? [dkqr or ?*] k
 This carrot is delicious!
 What do you want to eat? [dkqr or ?*] k
 This carrot is delicious!
 What do you want to throw? [$j or ?*] ?
 In what direction? h
 You kill the gas spore!
 Boom!
 You find a bear trap.
 Really step into that bear trap? [yn] (n) n
 You have a little trouble lifting j - a samurai sword.
 You fall down the stairs.
 The hobbit wields a sling!
 The hobbit picks up 9 throwing stars.
 The hobbit throws a throwing star!
 You are hit by a throwing star!
 The hobbit swings his sling.
 The hobbit hits!
 The hobbit swings his sling.
 The hobbit hits!
 You miss the hobbit.
 The hobbit swings his sling.
 The hobbit hits!
 You lash the hobbit.
 The hobbit swings his sling.
 The hobbit hits!
 What do you want to drink? [im or ?*] ?
 You suddenly fall asleep!
 The hobbit swings his sling.
 The hobbit hits!
 You die...
 Do you want an account of creatures vanquished? [ynaq] (y) q

Inventory:
 Coins    ('$')
  $ - 30 gold pieces
 Weapons  (')')
  a - a +2 bullwhip (weapon in right hand)
  j - a +0 katana
 Armor    ('[')
  c - an uncursed +0 fedora (being worn)
  b - an uncursed +0 leather jacket (being worn)
 Comestibles  ('%')
  d - 3 uncursed food rations
  q - 2 uncursed homemade tins of jackal meat
  r - an uncursed lichen corpse
 Potions  ('!')
  i - an uncursed potion of booze
 Tools    ('(')
  h - an empty uncursed sack
  e - a +0 pick-axe (alternate weapon; not wielded)
  f - a tinning kit (0:88)
  n - a tinning kit (0:60)
 Gems/Stones  ('*')
  o - a cursed loadstone
  g - an uncursed touchstone

ArrBianca the Archeologist's attributes:

Background:
 You were a Field Worker, a level 3 female dwarven Archeologist.
 You were lawful, on a mission for Quetzalcoatl
 who was opposed by Camaxtli (neutral) and Huhetotl (chaotic).
 You were right-handed.
 You were in the Dungeons of Doom, on level 4.
 You entered the dungeon 1048 turns ago.
 You had 52 experience points, 28 more were needed to attain level 4.

Basics:
 You had 0 out of 27 hit points.
 You had all 7 energy points (spell power).
 Your armor class was 9.
 Your wallet contained 30 zorkmids.
 Autopickup was on for '$?!/="+%' plus thrown, with exceptions.

Final Characteristics:
 Your strength was 13 (limit:18/100).
 Your dexterity was 9 (limit:20).
 Your constitution was 14 (limit:20).
 Your intelligence was 16 (limit:16).
 Your wisdom was 16 (limit:16).
 Your charisma was 9 (limit:16).

Final Status:
 You weren't hungry.
 You were burdened; movement was slightly slowed.
 You were wielding a whip.
 You had basic skill with whip.

Final Attributes:
 You were devoutly aligned.
 You had automatic searching.
 You had infravision.
 You were lucky.
 You are dead.

Miscellaneous:
 You didn't encounter any bones levels.
 Total elapsed playing time was 8 minutes and 25 seconds.

Major events:
 Turn
    1: ArrBianca the lawful female dwarven Archeologist entered the dungeon
  938: attained the rank of Field Worker (level 3)
 1048: killed by a hobbit, while sleeping

You didn't know any spells.

Skills:
 Fighting Skills
   bare handed combat [Unskilled]
   two weapon combat  [Unskilled]
   riding             [Unskilled]
 Weapon Skills
   dagger             [Unskilled]
   knife              [Unskilled]
   pick-axe           [Basic]
   short sword        [Unskilled]
   saber              [Unskilled]
   club               [Unskilled]
   quarterstaff       [Unskilled]
   sling              [Unskilled]
   dart               [Unskilled]
   boomerang          [Unskilled]
   whip               [Basic]
   unicorn horn       [Unskilled]
 Spellcasting Skills
   attack spells      [Unskilled]
   healing spells     [Unskilled]
   divination spells  [Unskilled]
   matter spells      [Unskilled]

Voluntary challenges:
 Character rerolling was not enabled.
 You followed a strict vegan diet.
 You never genocided any monsters.
 You never polymorphed an object.
 You never changed form.
 You used no wishes.
Achievements:
 You entered a shop.
 You attained the rank of Field Worker.

 The Dungeons of Doom: levels 1 to 4
    Level 1:
       A fountain.
    Level 2:
       A scroll shop, a fountain, a sink.
    Level 3:
    Level 4: <- You were here.
       A fountain.
       Final resting place for
          you, killed by a hobbit, while sleeping.


Vanquished creatures:
  a shrieker
  2 coyotes
  a gas spore
  a green mold
  3 jackals
  a kobold
  2 goblins
  2 grid bugs
  a lichen
  a newt
15 creatures vanquished.

No species were genocided or became extinct.

Game over:
                       ----------
                      /          \
                     /    REST    \
                    /      IN      \
                   /     PEACE      \
                  /                  \
                  |    ArrBianca     |
                  |      30 Au       |
                  |   killed by a    |
                  |      hobbit      |
                  |                  |
                  |                  |
                  |       2026       |
                 *|     *  *  *      | *
        _________)/\\_//(\/(/\)/\//\/|_)_______

Goodbye ArrBianca the Archeologist...

You died in The Dungeons of Doom on dungeon level 4 with 405 points,
and 30 pieces of gold, after 1048 moves.
You were level 3 with a maximum of 27 hit points when you died.

